 Dungeon Sprint DCSS version 0.23-a0-681-g26ad783 (webtiles) character file.

41813 Lanoc the Phalangite (level 13, -3/138 HPs)
             Began as a Minotaur Berserker on Jan 10, 2019.
             Was the Champion of Trog.
             Slain by an ettin
             ... wielding a +0 dire flail
              (28 damage)
             ... in the Dungeon (Sprint IX: "|||||||||||||||||||||||||||||").
             The game lasted 00:18:17 (3133 turns).

Lanoc the Phalangite (Minotaur Berserker)           Turns: 3133, Time: 00:18:17

Health: -3/138     AC: 26    Str: 28    XL:     13   Next: 82%
Magic:  12/12      EV: 18    Int:  4    God:    Trog [******]
Gold:   1255       SH:  0    Dex: 12    Spells: 12/12 levels left

rFire    . . .     SeeInvis .   v - +8 halberd (vamp)
rCold    . . .     Gourm    .   (shield currently unavailable)
rNeg     . . .     Faith    .   B - +0 shadow dragon scales
rPois    .         Spirit   .   (helmet restricted)
rElec    .         Reflect  .   w - +0 cloak
rCorr    .         Harm     .   a - +0 pair of gloves
MR       .....     NoTele   +   C - +0 pair of boots {Stlth+}
Stlth    +++.......             (no amulet)
HPRegen  0.33/turn              b - +3 ring of dexterity
MPRegen  0.13/turn              p - +2 ring of protection

@: berserk cooldown, slowed, very slow
A: retaliatory headbutt, horns 2
a: Berserk, Trog's Hand, Brothers in Arms, Renounce Religion


You were in the Dungeon.
You worshipped Trog.
Trog was exalted by your worship.
You were very hungry.

You visited 1 branch You collected 1927 gold pieces.
You spent 672 gold pieces at shops.

Inventory:

Hand Weapons
 c - a +3 antimagic halberd
 q - the +8 shortbow of the Morning {flame, +Fly rN+}
   (Trog gifted it to you in the Dungeon)

   It causes projectiles fired from it to burn those they strike, causing extra
   injury to most foes and up to half again as much damage against particularly
   susceptible opponents.
   It protects you from negative energy.
   It lets you fly.
 v - a +8 vampiric halberd (weapon)
 y - a +2 antimagic glaive
 z - a +5 glaive of protection
 A - a +1 antimagic glaive
 D - a +1 antimagic halberd
 G - a +1 glaive of flaming
 I - a +1 glaive of protection
Armour
 a - a +0 pair of gloves (worn)
 w - a +0 cloak (worn)
 B - +0 shadow dragon scales (worn)
 C - a +0 pair of boots of stealth (worn)
Jewellery
 b - a +3 ring of dexterity (left hand)
 p - a +2 ring of protection (right hand)
 u - an uncursed ring of protection from fire
 x - an uncursed ring of protection from cold
Wands
 m - a wand of iceblast (10)
Scrolls
 i - 3 scrolls of blinking
 l - 3 scrolls of remove curse
 s - 2 scrolls of fog
 t - 2 scrolls of fear
 H - 2 scrolls of enchant armour
Potions
 d - 6 potions of curing
 e - 4 potions of heal wounds
 f - 3 potions of haste
 g - 4 potions of magic
 h - a potion of berserk rage
 j - a potion of brilliance
 k - a potion of invisibility
 E - a potion of agility
 F - a potion of mutation
Miscellaneous
 r - a box of beasts
Comestibles
 n - 8 rations
 o - 13 chunks of flesh


   Skills:
 + Level 19.5 Fighting
 * Level 25.6 Polearms
 + Level 19.4 Armour
 + Level 18.0 Dodging


You had 12 spell levels left.
You didn't know any spells.
Your spell library was empty.

Dungeon Overview and Level Annotations

Branches:
Dungeon (1/1)

Altars:
Cheibriados
Dithmenos
Elyvilon
Fedhas
Gozag
Hepliaklqana
Kikubaaqudgha
Makhleb
Nemelex Xobeh
Okawaru
Qazlal
Ru
Sif Muna
Trog
Uskayaw
Vehumet
Wu Jian
Xom
Yredelemnul
Zin
The Shining One
Beogh
Jiyva
Lugonu

Shops:
D %[*%


Innate Abilities, Weirdness & Mutations

You reflexively headbutt those who attack you in melee.
You have a pair of horns on your head.


Message History

* * * LOW HITPOINT WARNING * * *
The ettin hits you with a +0 dire flail!
* * * LOW HITPOINT WARNING * * *
You feel much better. The ettin closely misses you.
The ettin hits you but does no damage.
You feel much better. The ettin misses you.
The ettin hits you with a +0 dire flail!!
* * * LOW HITPOINT WARNING * * *
You slice the ettin!!
The ettin is severely wounded.
The ettin hits you but does no damage. The ettin misses you.
You barely miss the ettin.
The ettin is severely wounded.
The ettin hits you with a +0 dire flail!
* * * LOW HITPOINT WARNING * * *
The ettin closely misses you.
You hit the ettin.
The ettin is severely wounded.
The ettin hits you with a +0 dire flail!!
You die...

..[[[...[.))))).)).="..'.........
▓▓▓▓▓▓▓▓▓▓▓▓▓▓▓▓▓▓▓▓▓▓▓▓▓▓▓▓▓▓▓▓▓
.................................
▓▓▓▓▓▓▓▓▓▓▓▓▓▓▓▓▓▓▓▓▓▓▓▓▓▓▓▓▓▓▓▓.
....))(((.....†.†'†..............
▓▓▓▓▓▓▓▓▓▓▓▓▓▓▓▓▓▓▓▓▓▓▓▓▓▓▓▓▓▓▓▓▓
.................................
▓▓▓▓▓▓▓▓▓▓▓▓▓▓▓▓▓▓▓▓▓▓▓▓▓▓▓▓▓▓▓▓.
......cC@)..(............
▓▓▓▓▓▓▓▓▓▓▓▓▓▓▓▓▓▓▓▓▓▓▓▓▓


You could see an ettin and a yaktaur.

Vanquished Creatures
  A nagaraja (D)
  3 frost giants (D)
  An emperor scorpion (D)
  A stone giant (D)
  A dire elephant (D)
  An ettin (D)
  A fire dragon (D)
  2 great orbs of eyes (D)
  2 ogre magi (D)
  An ice dragon (D)
  A ghost crab (D)
  A rakshasa (D)
  A satyr (D)
  3 hydras (D)
  A two-headed ogre (D)
  An alligator (D)
  A deep troll shaman (D)
  A tengu warrior (D)
  An orc high priest (D)
  A shock serpent (D)
  A naga sharpshooter (D)
  A sea snake (D)
  A glowing orange brain (D)
  A harpy (shapeshifter) (D)
  A necromancer (D)
  An orb spider (D)
  6 orc knights (D)
  5 manticores (D)
  An ugly thing (D)
  A mana viper (D)
  A salamander (D)
  7 elephants (D)
  A naga mage (D)
  3 black mambas (D)
  Joseph (D)
  A spiny frog (D)
  A yaktaur (D)
  A kobold demonologist (D)
  4 komodo dragons (D)
  A jumping spider (D)
  A wind drake (D)
  A dream sheep (D)
  3 slime creatures (D)
  A snapping turtle (D)
  3 hippogriffs (D)
  A bog body (D)
  3 redbacks (D)
  2 wyverns (D)
  A yak (D)
  3 tarantellas (D)
  A naga (D)
  A soldier ant (D)
  3 water moccasins (D)
  22 orc warriors (D)
  A necrophage (D)
  3 crocodiles (D)
  A big kobold (D)
  4 bullfrogs (D)
  A scorpion (D)
  2 crimson imps (D)
  2 iguanas (D)
  2 orc wizards (D)
  3 adder zombies (D)
  A leopard gecko (D)
  8 orcs (D)
  A bat zombie (D)
  2 giant cockroaches (D)
  A hobgoblin (D)
  2 kobolds (D)
146 creatures vanquished.

Vanquished Creatures (others)
  A spiny frog (D)
  A slime creature (D)
2 creatures vanquished.

Grand Total: 148 creatures vanquished

Notes
Turn   | Place    | Note
-------+----------+-------------------------------------------
     0 | D        | Lanoc the Minotaur Berserker began the quest for the Orb.
     0 | D        | Reached XP level 1. HP: 19/19 MP: 0/0
     7 | D        | Reached skill level 4 in Polearms
    17 | D        | Reached ** piety under Trog
   179 | D        | Noticed an iguana
   179 | D        | Noticed an orc wizard
   179 | D        | Noticed a crimson imp
   181 | D        | Killed a crimson imp
   181 | D        | Reached *** piety under Trog
   181 | D        | Reached skill level 5 in Fighting
   181 | D        | Reached skill level 6 in Polearms
   181 | D        | Reached XP level 2. HP: 29/29 MP: 1/1
   181 | D        | Reached XP level 3. HP: 36/36 MP: 2/2
   184 | D        | Reached XP level 4. HP: 42/42 MP: 3/3
   187 | D        | Received a gift from Trog
   187 | D        | Reached skill level 7 in Polearms
   191 | D        | Reached skill level 5 in Armour
   203 | D        | Found a roughly hewn altar of Beogh.
   203 | D        | Found a snail-covered altar of Cheibriados.
   203 | D        | Found a shadowy altar of Dithmenos.
   203 | D        | Found a white marble altar of Elyvilon.
   203 | D        | Found a blossoming altar of Fedhas.
   203 | D        | Found an opulent altar of Gozag.
   204 | D        | Found a hazy altar of Hepliaklqana.
   205 | D        | Found a viscous altar of Jiyva.
   206 | D        | Found an ancient bone altar of Kikubaaqudgha.
   207 | D        | Found a corrupted altar of Lugonu.
   208 | D        | Found a burning altar of Makhleb.
   209 | D        | Found a sparkling altar of Nemelex Xobeh.
   210 | D        | Found an iron altar of Okawaru.
   211 | D        | Found a stormy altar of Qazlal.
   212 | D        | Found a sacrificial altar of Ru.
   213 | D        | Found a deep blue altar of Sif Muna.
   214 | D        | Found a bloodstained altar of Trog.
   215 | D        | Found a hide-covered altar of Uskayaw.
   216 | D        | Found a radiant altar of Vehumet.
   217 | D        | Found an ornate altar of the Wu Jian Council.
   218 | D        | Found a shimmering altar of Xom.
   219 | D        | Found a basalt altar of Yredelemnul.
   220 | D        | Found a glowing silver altar of Zin.
   221 | D        | Found a glowing golden altar of the Shining One.
   268 | D        | Noticed a bullfrog
   268 | D        | Noticed a bullfrog
   268 | D        | Noticed a big kobold
   275 | D        | Killed a big kobold
   275 | D        | Reached **** piety under Trog
   275 | D        | Reached skill level 8 in Polearms
   275 | D        | Reached skill level 5 in Dodging
   275 | D        | Reached XP level 5. HP: 51/51 MP: 4/4
   276 | D        | Reached skill level 9 in Polearms
   277 | D        | Reached skill level 10 in Polearms
   277 | D        | Reached XP level 6. HP: 61/61 MP: 5/5
   283 | D        | Reached ***** piety under Trog
   283 | D        | Reached skill level 11 in Polearms
   321 | D        | Noticed a tengu warrior
   321 | D        | Noticed a red ugly thing
   321 | D        | Noticed a kobold demonologist
   329 | D        | Killed a red ugly thing
   329 | D        | Reached skill level 12 in Polearms
   329 | D        | Reached XP level 7. HP: 70/70 MP: 6/6
   329 | D        | Killed a kobold demonologist
   329 | D        | Reached skill level 10 in Fighting
   329 | D        | Reached skill level 13 in Polearms
   329 | D        | Reached XP level 8. HP: 79/79 MP: 7/7
   344 | D        | Killed a tengu warrior
   344 | D        | Reached skill level 14 in Polearms
   344 | D        | Reached skill level 10 in Armour
   344 | D        | Reached skill level 10 in Dodging
   347 | D        | Received a gift from Trog
   350 | D        | Got an ancient shortbow {god gift}
   351 | D        | Identified the +8 shortbow of the Morning {flame, +Fly rN+}
                  | (Trog gifted it to you in the Dungeon)
   673 | D        | Noticed a komodo dragon
   673 | D        | Noticed a komodo dragon
   673 | D        | Noticed a black mamba
   673 | D        | Noticed a spiny frog
   674 | D        | Noticed a komodo dragon
   681 | D        | Noticed a komodo dragon
   686 | D        | Killed a spiny frog
   686 | D        | Reached skill level 15 in Polearms
   686 | D        | Reached XP level 9. HP: 82/89 MP: 8/8
   693 | D        | Killed a black mamba
   697 | D        | Killed a komodo dragon
   702 | D        | Killed a komodo dragon
   702 | D        | Reached skill level 16 in Polearms
   710 | D        | Killed a komodo dragon
   713 | D        | Killed a komodo dragon
   713 | D        | Received a gift from Trog
   971 | D        | Noticed a seven-headed hydra
   974 | D        | Reached XP level 10. HP: 100/100 MP: 9/9
   976 | D        | Reached skill level 17 in Polearms
   982 | D        | Reached ****** piety under Trog
   992 | D        | Killed a ten-headed hydra
   992 | D        | Received a gift from Trog
  1024 | D        | Noticed an elephant
  1024 | D        | Noticed an elephant
  1024 | D        | Noticed an elephant
  1024 | D        | Noticed an elephant
  1024 | D        | Noticed an elephant
  1024 | D        | Noticed an elephant
  1026 | D        | Noticed a dire elephant
  1029 | D        | Killed an elephant
  1029 | D        | Reached skill level 18 in Polearms
  1034 | D        | Killed an elephant
  1045 | D        | Killed a dire elephant
  1046 | D        | Killed an elephant
  1049 | D        | Killed an elephant
  1055 | D        | Killed an elephant
  1055 | D        | Received a gift from Trog
  1055 | D        | Reached skill level 19 in Polearms
  1055 | D        | Reached XP level 11. HP: 27/111 MP: 8/10
  1545 | D        | Received a gift from Trog
  1561 | D        | Received a gift from Trog
  1609 | D        | Noticed an orc high priest
  1625 | D        | Noticed an orc knight
  1635 | D        | Lost intelligence.
  1639 | D        | Killed an orc high priest
  1639 | D        | Received a gift from Trog
  1639 | D        | Reached skill level 15 in Fighting
  1644 | D        | Killed an orc knight
  1644 | D        | Reached skill level 20 in Polearms
  1644 | D        | Reached skill level 15 in Armour
  1702 | D        | Found Geanijeatopn's Food Boutique.
  1702 | D        | Noticed an orc knight
  1702 | D        | Noticed an orc knight
  1714 | D        | Killed an orc knight
  1723 | D        | Killed an orc knight
  1726 | D        | Received a gift from Trog
  1742 | D        | Noticed an orc knight
  1744 | D        | Found Ilanlez's General Store.
  1751 | D        | Killed an orc knight
  1768 | D        | Found Rikky's Antique Armour Boutique.
  1774 | D        | Found Juluh's Food Shop.
  1777 | D        | Noticed an orc knight
  1778 | D        | Noticed an orc knight
  1792 | D        | Killed an orc knight
  1797 | D        | Killed an orc knight
  1804 | D        | Received a gift from Trog
  1810 | D        | Bought a jewelled plate armour for 672 gold pieces
  1838 | D        | Identified the cursed +1 plate armour of Qughuaro {+Inv
                  | rPois rC++ MR-} (You bought it in a shop in the Dungeon)
  1869 | D        | Noticed Joseph
  1878 | D        | Killed Joseph
  1878 | D        | Reached skill level 21 in Polearms
  2052 | D        | Noticed a two-headed ogre
  2052 | D        | Noticed an ogre mage
  2058 | D        | Killed an ogre mage
  2069 | D        | Killed a two-headed ogre
  2069 | D        | Reached XP level 12. HP: 122/122 MP: 11/11
  2073 | D        | Noticed a deep troll shaman
  2077 | D        | Received a gift from Trog
  2083 | D        | Reached skill level 15 in Dodging
  2087 | D        | Killed a deep troll shaman
  2099 | D        | Noticed a fire dragon
  2100 | D        | Noticed a frost giant
  2101 | D        | Noticed a frost giant
  2104 | D        | Noticed a great orb of eyes
  2110 | D        | Killed a fire dragon
  2121 | D        | Killed a frost giant
  2121 | D        | Reached skill level 22 in Polearms
  2126 | D        | Killed a frost giant
  2136 | D        | Received a gift from Trog
  2140 | D        | Killed a great orb of eyes
  2516 | D        | Noticed an emperor scorpion
  2539 | D        | Killed an emperor scorpion
  2542 | D        | Received a gift from Trog
  2547 | D        | Reached skill level 23 in Polearms
  2645 | D        | Received a gift from Trog
  2648 | D        | Noticed a nagaraja
  2653 | D        | Received a gift from Trog
  2658 | D        | Reached XP level 13. HP: 117/134 MP: 12/12
  2665 | D        | Killed a nagaraja
  2839 | D        | Received a gift from Trog
  2851 | D        | Reached skill level 24 in Polearms
  2928 | D        | Received a gift from Trog
  3066 | D        | Noticed a stone giant
  3068 | D        | Received a gift from Trog
  3068 | D        | Noticed an ettin
  3073 | D        | Noticed a frost giant
  3077 | D        | Killed a stone giant
  3077 | D        | Reached skill level 25 in Polearms
  3097 | D        | Killed a frost giant
  3111 | D        | Received a gift from Trog
  3112 | D        | Noticed an ettin
  3116 | D        | Killed an ettin
  3123 | D        | HP: 4/138 [ettin/+0 dire flail (8)]
  3133 | D        | Slain by an ettin

Vault maps used:
D:        linesprint

Skill      XL: |  1  2  3  4  5  6  7  8  9 10 11 12 13 |
---------------+----------------------------------------+-----
Polearms       | 6 8 10 12 13 15 16 19 21 23 25 | 25.6
Fighting       | 5 6 7 9 10 11 12 14 16 17 19 | 19.5
Armour         | 4 6 7 9 11 12 14 16 17 19 | 19.4
Dodging        | 3 4 5 6 8 10 11 13 14 16 18 | 18.0

Action                   |  1- 3 |  4- 6 |  7- 9 | 10-12 | 13-15 || total
-------------------------+-------+-------+-------+-------+-------++-------
Melee: Spear             |    20 |     7 |       |       |       ||    27
       Headbutt          |     4 |     4 |    15 |    65 |    20 ||   108
       Halberd           |       |    20 |    61 |   335 |   136 ||   552
Invok: Berserk           |     2 |     2 |     1 |     4 |     2 ||    11
       Trog's Hand       |       |     1 |     1 |     3 |       ||     5
  Use: Scroll            |       |       |       |     5 |       ||     5
       Potion            |       |       |       |       |     5 ||     5
 Stab: Sleeping          |       |       |       |     2 |     4 ||     6
  Eat: Chunk             |       |     1 |     1 |     7 |     4 ||    13
       Ration            |       |       |     1 |     2 |       ||     3
Armor: Animal skin       |     3 |       |       |       |       ||     3
       Scale mail        |       |     2 |     4 |    30 |       ||    36
       Plate armour      |       |       |       |    10 |       ||    10
       Shadow dragon sca |       |       |       |    33 |    53 ||    86
Dodge: Dodged            |     8 |     4 |    27 |   127 |    48 ||   214

Table legend:
 A = Non-vault XP
 B = Vault XP
 C = Vault XP percentage of total XP
 D = Non-vault monster count
 E = Vault monster count
 F = Vault count percentage of total count
                 A         B        C        D         E       F
            +---------+---------+-------+---------+---------+-------
      Total |       0 |   59733 | 100.0 |       0 |     146 | 100.0
            +---------+---------+-------+---------+---------+-------
          D |       0 |   59733 | 100.0 |       0 |     146 | 100.0
            +---------+---------+-------+---------+---------+-------
